 Dungeon Crawl Stone Soup version 0.28.0-1-gb440e238dd (webtiles) character file.

Game seed: 1433390602252722149

129 Ablot the Grasshopper (level 5, -2/43 HPs)
             Began as a Gnoll Warper on Feb 19, 2022.
             Slain by a scorpion zombie (6 damage)
             ... on level 3 of the Dungeon.
             The game lasted 00:02:44 (2655 turns).

Ablot the Grasshopper (Gnoll Warper)                Turns: 2655, Time: 00:02:45

Health: -2/43      AC:  3    Str: 12    XL:     5   Next: 12%
Magic:  12/12      EV: 12    Int: 13    God:
Gold:   77         SH:  0    Dex: 11    Spells: 12/14 levels left

rFire   . . .      SeeInvis .   a - +0 trident
rCold   . . .      Faith    .   (no shield)
rNeg    . . .      Spirit   .   b - +0 leather armour
rPois   .          Reflect  .   (no helmet)
rElec   .          Harm     .   (no cloak)
rCorr   .          Rampage  .   (no gloves)
Will    .....                   (no boots)
Stlth   +.........              (no amulet)
HPRegen 0.14/turn               (no ring)
MPRegen 0.13/turn               (no ring)

@: no status effects
A: fangs 1, strong nose, distributed training
a: no special abilities


You were on level 3 of the Dungeon.
You visited 1 branch of the dungeon, and saw 3 of its levels.

You collected 77 gold pieces.

Inventory:

Hand Weapons
 a - a +0 trident (weapon)
 p - a +2 short sword of protection
Missiles
 d - 5 boomerangs of dispersal (quivered)
 e - 39 stones
 g - 82 arrows
 o - 25 sling bullets
Armour
 b - a +0 leather armour (worn)
Magical Staves
 m - a staff of air
Jewellery
 l - a ring of ice
Scrolls
 c - a scroll of blinking
 h - a scroll of enchant weapon {unknown}
 j - 2 scrolls of identify {unknown}
 n - a scroll of summoning {unknown}
 q - a scroll of teleportation {unknown}
Potions
 f - a potion of flight {unknown}
 i - a potion of heal wounds {unknown}
 k - a potion of brilliance {unknown}
 r - 2 potions of mutation {unknown}


   Skills:
 + Level 4.7 Fighting
 + Level 1.3 Short Blades
 + Level 1.3 Long Blades
 + Level 1.3 Axes
 + Level 1.3 Maces & Flails
 + Level 4.7 Polearms
 + Level 1.3 Staves
 + Level 1.3 Slings
 + Level 1.3 Bows
 + Level 1.3 Crossbows
 + Level 2.9 Throwing
 + Level 2.9 Armour
 + Level 4.7 Dodging
 + Level 1.3 Stealth
 + Level 1.3 Shields
 + Level 1.3 Unarmed Combat
 + Level 5.1 Spellcasting
 + Level 1.1 Conjurations
 + Level 1.1 Hexes
 + Level 1.1 Summonings
 + Level 1.1 Necromancy
 + Level 5.5 Translocations
 + Level 1.1 Transmutations
 + Level 1.1 Fire Magic
 + Level 1.1 Ice Magic
 + Level 1.1 Air Magic
 + Level 1.1 Earth Magic
 + Level 1.1 Poison Magic
 + Level 1.5 Invocations
 + Level 1.3 Evocations


You had 12 spell levels left.
You knew the following spells:

 Your Spells              Type           Power      Damage    Failure   Level
a - Blink                 Tloc           34%        N/A       3%          2

Your spell library contained the following spells:

 Spells                   Type           Power      Damage    Failure   Level
 Gell's Gravitas          Tloc           17%        N/A       8%          3
 Lesser Beckoning         Tloc           17%        N/A       8%          3
 Teleport Other           Tloc           17%        N/A       8%          3
 Manifold Assault         Tloc           17%        N/A       56%         5


Dungeon Overview and Level Annotations

Branches:
Dungeon (3/15)

Altars:

Shops:
D:3 [


Innate Abilities, Weirdness & Mutations

You have very sharp teeth.
Your uncanny sense of smell can sniff out nearby items.
Your experience applies equally to all skills.


Message History

The scorpion zombie hits you!
You completely miss the scorpion zombie.
The scorpion zombie is lightly damaged.
The scorpion zombie hits you.
You completely miss the scorpion zombie.
The scorpion zombie is lightly damaged.
The scorpion zombie barely misses you.
You barely miss the scorpion zombie.
You punch the scorpion zombie, but do no damage.
The scorpion zombie is lightly damaged.
The scorpion zombie hits you.
You hit the scorpion zombie.
The scorpion zombie is moderately damaged.
The scorpion zombie misses you.
You completely miss the scorpion zombie.
The scorpion zombie is moderately damaged.
The scorpion zombie hits you.
* * * LOW HITPOINT WARNING * * *
You hit the scorpion zombie.
The scorpion zombie is moderately damaged.
The scorpion zombie hits you.
* * * LOW HITPOINT WARNING * * *
You barely miss the scorpion zombie.
The scorpion zombie is moderately damaged.
The scorpion zombie hits you.
* * * LOW HITPOINT WARNING * * *
You hit the scorpion zombie.
The scorpion zombie is heavily damaged.
The scorpion zombie hits you.
* * * LOW HITPOINT WARNING * * *
You hit the scorpion zombie.
The scorpion zombie is severely damaged.
The scorpion zombie misses you.
You barely miss the scorpion zombie.
The scorpion zombie is severely damaged.
The scorpion zombie closely misses you.
You hit the scorpion zombie.
The scorpion zombie is severely damaged.
The scorpion zombie hits you.
You die...

### ∆ ...# ...# #..#
#..# ∆ #..# #######..#
#############...@Z...#
#.............#####..#
#.############# #..#
...####### #..#
.........##### #..#
#..#.........# #..#
#..#.###)###.# ....
#..#.#
#)###.#####.....
#..#.#
#.##...........8


You could see a scorpion zombie.

Vanquished Creatures
  A centaur skeleton (D:3)
  An orc wizard (D:3)
  A worm (D:2)
  2 dart slugs
  3 orcs (D:3)
  4 ball pythons
  6 endoplasms
  3 giant cockroaches
  6 goblins
  5 hobgoblins (D:1)
  5 kobolds
  8 quokkas
  4 bats
  7 frilled lizards
  6 rats
62 creatures vanquished.

Notes
Turn   | Place    | Note
-------+----------+-------------------------------------------
     0 | D:1      | Ablot the Gnoll Warper began the quest for the Orb.
     0 | D:1      | Reached XP level 1. HP: 20/20 MP: 6/6
   222 | D:1      | Reached XP level 2. HP: 26/26 MP: 7/7
   230 | D:1      | Learned a level 2 spell: Blink
   234 | D:1      | Found a faded altar of an unknown god.
   542 | D:1      | Reached XP level 3. HP: 31/31 MP: 9/9
   608 | D:1      | Reached skill level 5 in Spellcasting
   986 | D:2      | Reached skill level 1 in Invocations
  1366 | D:2      | Reached skill level 1 in Short Blades
  1366 | D:2      | Reached skill level 1 in Long Blades
  1366 | D:2      | Reached skill level 1 in Axes
  1366 | D:2      | Reached skill level 1 in Maces & Flails
  1366 | D:2      | Reached skill level 1 in Staves
  1366 | D:2      | Reached skill level 1 in Slings
  1366 | D:2      | Reached skill level 1 in Bows
  1366 | D:2      | Reached skill level 1 in Crossbows
  1366 | D:2      | Reached skill level 1 in Stealth
  1366 | D:2      | Reached skill level 1 in Shields
  1366 | D:2      | Reached skill level 1 in Unarmed Combat
  1366 | D:2      | Reached skill level 1 in Evocations
  1405 | D:2      | Reached XP level 4. HP: 30/38 MP: 11/11
  2234 | D:3      | Found Uzxihih's Antique Armour Shop.
  2298 | D:3      | Reached skill level 1 in Conjurations
  2298 | D:3      | Reached skill level 1 in Hexes
  2298 | D:3      | Reached skill level 1 in Summonings
  2298 | D:3      | Reached skill level 1 in Necromancy
  2298 | D:3      | Reached skill level 1 in Transmutations
  2298 | D:3      | Reached skill level 1 in Fire Magic
  2298 | D:3      | Reached skill level 1 in Ice Magic
  2298 | D:3      | Reached skill level 1 in Air Magic
  2298 | D:3      | Reached skill level 1 in Earth Magic
  2298 | D:3      | Reached skill level 1 in Poison Magic
  2638 | D:3      | Reached XP level 5. HP: 29/43 MP: 12/12
  2655 | D:3      | Slain by a scorpion zombie

Illustrated notes

Levels and vault maps discovered:
D:1:      dpeg_arrival_court, layout_basic, shapermc_ecumenical_altar_hornbeckon
D:2:      minmay_wonky_spiral, layout_basic
D:3:      layout_loops_ring, serial_undead, serial_undead_e, serial_undead_e,
          serial_undead_b, serial_undead_c, serial_shops,
          nicolae_shop_statue_plus, shop

Skill      XL: |  1  2  3  4 |
---------------+-------------+-----
Spellcasting   | 5 |  5.1
Invocations    | 1 |  1.5
Short Blades   | 1 |  1.3
Long Blades    | 1 |  1.3
Axes           | 1 |  1.3
Maces & Flails | 1 |  1.3
Staves         | 1 |  1.3
Slings         | 1 |  1.3
Bows           | 1 |  1.3
Crossbows      | 1 |  1.3
Stealth        | 1 |  1.3
Shields        | 1 |  1.3
Unarmed Combat | 1 |  1.3
Evocations     | 1 |  1.3
Conjurations   | 1 |  1.1
Hexes          | 1 |  1.1
Summonings     | 1 |  1.1
Necromancy     | 1 |  1.1
Transmutations | 1 |  1.1
Fire Magic     | 1 |  1.1
Ice Magic      | 1 |  1.1
Air Magic      | 1 |  1.1
Earth Magic    | 1 |  1.1
Poison Magic   | 1 |  1.1
Fighting       | |  4.7
Polearms       | |  4.7
Throwing       | |  2.9
Armour         | |  2.9
Dodging        | |  4.7
Translocations | |  5.5

Action                   |  1- 3 |  4- 6 || total
-------------------------+-------+-------++-------
Melee: Trident           |   135 |    68 ||   203
       Bite              |    10 |     6 ||    16
       Punch             |       |     3 ||     3
 Stab: Sleeping          |     4 |       ||     4
Armor: Leather armour    |    17 |    17 ||    34
Dodge: Dodged            |    52 |    27 ||    79
